 Dungeon Crawl Stone Soup version 0.31-a0-229-g1fc7ce93e2 (webtiles) character file.

Game seed: 9465475091039914238

1472 qw the Skirmisher (level 8, -13/68 HPs)
             Began as a Minotaur Hexslinger on July 6, 2023.
             Was a Follower of Okawaru.
             Mangled by a boulder beetle (23 damage)
             ... on level 6 of the Dungeon.
             The game lasted 00:02:06 (4875 turns).

qw the Skirmisher (Minotaur Hexslinger)             Turns: 4875, Time: 00:02:07

Health: -13/68     AC:  4    Str: 13    XL:     8   Next: 49%
Magic:  10/10      EV: 11    Int: 10    God:    Okawaru [*.....]
Gold:   314        SH:  0    Dex: 15    Spells: 8/9 levels left

rFire   + . .        Y - +1 shortbow
rCold   . . .        (shield currently unavailable)
rNeg    . . .        b - +0 ring mail {rF+}
rPois   .            e - +2 hat "Daisan" {Stlth+}
rElec   .            (no cloak)
rCorr   .            (no gloves)
SInv    .            (no boots)
Will    .....        (no amulet)
Stlth   ++           a - +4 ring of slaying {mikee}
HPRegen 0.31/turn    (no ring)
MPRegen 0.12/turn

%: no passive effects
@: about to teleport
A: horns 2, retaliatory headbutt, deformed body
a: Renounce Religion, Heroism


You were on level 6 of the Dungeon.
You worshipped Okawaru.
Okawaru was aware of your devotion.
You visited 1 branch of the dungeon, and saw 6 of its levels.

You collected 314 gold pieces.


Innate Abilities, Weirdness & Mutations

You have a pair of horns on your head.
You reflexively headbutt those who attack you in melee.
Armour fits poorly on your strangely shaped body.


   Skills:
 - Level 5.1 Fighting
 - Level 9.2 Ranged Weapons
 + Level 1.5 Armour
 - Level 3.5 Dodging
 - Level 1.0 Spellcasting
 - Level 2.0 Hexes
 - Level 4.0 Invocations


You had 8 spell levels left.
You knew the following spells:

 Your Spells              Type           Power      Damage    Failure   Level
a - Slow                  Hex            16%        N/A       32%         1

Your spell library contained the following spells:

 Spells                   Type           Power      Damage    Failure   Level
 Inner Flame              Hex/Fire       2%         N/A       82%         3
 Portal Projectile        Hex/Tloc       4%         N/A       82%         3
 Cause Fear               Hex            2%         N/A       97%         4

Inventory:

Hand Weapons
 Y - a +1 shortbow (weapon)
Armour
 b - a +0 ring mail of fire resistance (worn)
 c - +0 steam dragon scales
 e - the +2 hat "Daisan" (worn) {Stlth+}
   (You acquired it on level 4 of the Dungeon)

   Stlth:     It makes you more stealthy.
Jewellery
 a - a +4 ring of slaying (left hand) {mikee}
 n - an amulet of magic regeneration
Scrolls
 j - 3 scrolls of identify
 k - a scroll of silence {unknown}
Potions
 d - 2 potions of mutation
 f - a potion of resistance
 g - 2 potions of heal wounds
 h - 2 potions of haste
 i - a potion of cancellation
 m - a potion of invisibility {unknown}

Dungeon Overview and Level Annotations

Branches:
Dungeon (6/15)
 Temple: D:4-7

Altars:
Okawaru
Wu Jian

Shops:
D:5 :

Annotations:
D:5 1 runed translucent door, qw's ghost, novice MiHs


Message History

The arrow hits the boulder beetle but does no damage.
The boulder beetle is lightly wounded.
The boulder beetle bites you!
You shoot an arrow. The arrow hits the boulder beetle.
The boulder beetle is lightly wounded.
The boulder beetle closely misses you. You furiously retaliate!
You headbutt the boulder beetle! You shoot an arrow.
The arrow hits the boulder beetle but does no damage.
The boulder beetle is moderately wounded.
You shoot an arrow. The arrow hits the boulder beetle.
The boulder beetle is heavily wounded.
The boulder beetle bites you!
You shoot an arrow. The arrow hits the boulder beetle!
The boulder beetle is heavily wounded.
The boulder beetle closely misses you.
You shoot an arrow. The arrow hits the boulder beetle.
The boulder beetle is heavily wounded.
The boulder beetle leaps!
You start resting.
Magic restored.
You shoot an arrow.
The arrow hits the boulder beetle but does no damage.
The boulder beetle is heavily wounded.
You shoot an arrow.
The arrow hits the boulder beetle but does no damage.
The boulder beetle is heavily wounded.
You shoot an arrow.
The arrow hits the boulder beetle but does no damage.
The boulder beetle is heavily wounded.
The boulder beetle bites you.
You shoot an arrow. The arrow hits the boulder beetle!
The boulder beetle is severely wounded.
The boulder beetle bites you!
4875 ||| READING scroll of teleportation.
As you read the scroll of teleportation, it crumbles to dust.
You feel strangely unstable.
You feel like a meek peon again. The boulder beetle bites you!!
You die...

##.<##########..)##........
#.....#.#......%..........#
#..##.........).)........##
#.. ###........>..)......#.
##. #..........%.......).
.. ##.##...##....)...... >.
#.##....##.....>.... ...
..##......#......... .77
...#@.......#........
..7.B#..........#.....
7..0..........#.###.
.....%...............
.77...............###. 7
7..............#####
..##...........#.... ..#
###..............
..........###.#


You could see a boulder beetle.

Vanquished Creatures
  A steam dragon (D:6)
  Edmund (D:4)
  A water moccasin (D:5)
  2 black bears
  An ice beast (D:6)
  2 ogres
  A centaur (D:4)
  A phantom (D:4)
  A jelly (D:5)
  3 hounds
  Natasha (thrice) (D:3)
  3 iguanas
  A sleepcap (D:5)
  An orc wizard (D:6)
  9 adders
  A shadow imp (D:5)
  2 white imps
  An ufetubus (D:5)
  3 worms
  4 dart slugs
  4 orcs
  3 bats
  8 endoplasms
  3 giant cockroaches
  4 goblins
  13 hobgoblins
  2 jackals (D:4)
  3 quokkas
  6 ball pythons
  2 frilled lizards
  11 kobolds
  12 rats
113 creatures vanquished.

Vanquished Creatures (others)
  An iguana (D:6)
1 creature vanquished.

Grand Total: 114 creatures vanquished

Notes
Turn   | Place    | Note
-------+----------+-------------------------------------------
     0 | D:1      | qw the Minotaur Hexslinger began the quest for the Orb.
     0 | D:1      | Reached XP level 1. HP: 16/16 MP: 1/1
     0 | D:1      | 0 ||| qw: Version: 0.3-a-46-gb1f654a
     0 | D:1      | 0 ||| qw: Game counter: 1159
     0 | D:1      | 0 ||| qw: Melee chars always use a shield: true
     0 | D:1      | 0 ||| qw: God list: Okawaru
     0 | D:1      | 0 ||| qw: Allow faded altars: false
     0 | D:1      | 0 ||| qw: Do Orc after clearing Dungeon:15 true
     0 | D:1      | 0 ||| qw: Do second Lair branch before Depths: true
     0 | D:1      | 0 ||| qw: Lair rune preference: random
     0 | D:1      | 0 ||| qw: Goals: Normal
     0 | D:1      | 0 ||| PLANNING D:1-11
   151 | D:1      | Reached skill level 3 in Ranged Weapons
   151 | D:1      | Reached XP level 2. HP: 22/23 MP: 2/2
   201 | D:1      | 201 ||| FLEEEEING.
   322 | D:1      | Found a faded altar of an unknown god.
   524 | D:1      | 524 ||| UPGRADING to +0 ring mail.
   534 | D:1      | 534 ||| DROPPING +0 robe.
   535 | D:1      | 535 ||| READING scroll labelled GIQYILA ORRICKUO.
   536 | D:1      | 536 ||| READING scroll labelled IDDIENLO YLOUN.
   537 | D:1      | 537 ||| READING scroll labelled CYZIADDUMUI.
   538 | D:1      | 538 ||| DRINKING 2 red potions.
   539 | D:1      | 539 ||| DROPPING scroll of poison.
   584 | D:2      | Reached XP level 3. HP: 29/29 MP: 3/3
   708 | D:2      | Identified the +0 scale mail of Xiadiz {rN+}
   860 | D:2      | Reached skill level 4 in Ranged Weapons
   971 | D:2      | 971 ||| UPGRADING to +0 ring mail of fire resistance.
   981 | D:2      | 981 ||| DROPPING +0 ring mail.
   982 | D:2      | 982 ||| READING scroll labelled KUFYIL EJIXIK.
  1138 | D:3      | Reached skill level 1 in Armour
  1290 | D:3      | Found an ornate altar of the Wu Jian Council.
  1290 | D:3      | Found an iron altar of Okawaru.
  1291 | D:3      | 1291 ||| PLANNING OKAWARU WORSHIP
  1487 | D:3      | Reached XP level 4. HP: 26/36 MP: 4/4
  1668 | D:3      | Noticed Natasha
  1674 | D:3      | Killed Natasha
  1675 | D:3      | Reached skill level 5 in Ranged Weapons
  1795 | D:3      | Noticed Natasha
  1796 | D:3      | 1796 ||| FLEEEEING.
  1809 | D:3      | Killed Natasha
  1810 | D:3      | Reached XP level 5. HP: 19/42 MP: 5/5
  1916 | D:3      | Noticed Natasha
  1924 | D:3      | Killed Natasha
  1925 | D:3      | Reached skill level 3 in Fighting
  2273 | D:3      | 2273 ||| READING scroll labelled SUAJOE BEEMAR.
  2278 | D:3      | 2278 ||| DRINKING 2 blue potions.
  2279 | D:3      | 2279 ||| DRINKING 2 fizzy pink potions.
  2280 | D:3      | 2280 ||| DROPPING potion of attraction.
  2314 | D:3      | Became a worshipper of Warmaster Okawaru
  2315 | D:3      | 2315 ||| PLANNING D:1-11
  2457 | D:4      | Noticed Edmund
  2468 | D:4      | HP: 3/40 [Edmund/+3 dire flail of draining (14)]
  2468 | D:4      | HP: 1/39 [frozen (2)]
  2469 | D:4      | 2469 ||| DRINKING potion of heal wounds.
  2470 | D:4      | Killed Edmund
  2471 | D:4      | Reached skill level 6 in Ranged Weapons
  2471 | D:4      | Reached XP level 6. HP: 22/51 MP: 6/6
  2527 | D:4      | 2527 ||| FLEEEEING.
  2824 | D:4      | Reached * piety under Okawaru
  2825 | D:4      | Reached skill level 7 in Ranged Weapons
  2825 | D:4      | Reached XP level 7. HP: 40/60 MP: 7/7
  2978 | D:4      | 2978 ||| INVOKING Heroism.
  2986 | D:4      | Reached skill level 1 in Invocations
  3144 | D:4      | 3144 ||| SWAPPING to +0 shortbow.
  3145 | D:4      | 3145 ||| DROPPING +2 sling.
  3501 | D:4      | 3501 ||| UPGRADING to +4 ring of slaying {mikee}.
  3502 | D:4      | 3502 ||| DRINKING 2 sedimented golden potions.
  3503 | D:4      | 3503 ||| DRINKING 2 fuming brown potions.
  3504 | D:4      | 3504 ||| DRINKING potion of curing.
  3504 | D:4      | 3504 ||| (to cure confusion)
  3505 | D:4      | 3505 ||| DROPPING potion of ambrosia.
  3537 | D:5      | Entered Level 5 of the Dungeon
  3537 | D:5      | Found Jibrupli's Vocational Training.
  3549 | D:5      | 3549 ||| STAIRDANCE
  3591 | D:5      | Found a runed translucent door.
  3591 | D:5      | Noticed qw's ghost (novice MiHs)
  3606 | D:5      | 3606 ||| INVOKING Heroism.
  3616 | D:5      | 3616 ||| Stepping ~*~*~tactically~*~*~ (outnumbered).
  3622 | D:5      | Reached skill level 8 in Ranged Weapons
  3622 | D:5      | Reached skill level 3 in Invocations
  3622 | D:5      | HP: 15/60 [poisoned by a water moccasin]
  3624 | D:5      | 3624 ||| INVOKING Heroism.
  3626 | D:5      | HP: 7/60 [poisoned by a water moccasin]
  3628 | D:5      | 3628 ||| FLEEEEING.
  3630 | D:5      | 3630 ||| FLEEEEING.
  3631 | D:5      | 3631 ||| FLEEEEING.
  3631 | D:5      | HP: 3/60 [poisoned by a water moccasin]
  3632 | D:5      | 3632 ||| FLEEEEING.
  3634 | D:5      | 3634 ||| FLEEEEING.
  3635 | D:5      | 3635 ||| FLEEEEING.
  3636 | D:5      | 3636 ||| FLEEEEING.
  3637 | D:5      | 3637 ||| FLEEEEING.
  3638 | D:5      | 3638 ||| FLEEEEING.
  3639 | D:5      | 3639 ||| FLEEEEING.
  3640 | D:5      | 3640 ||| FLEEEEING.
  3641 | D:5      | 3641 ||| FLEEEEING.
  3642 | D:5      | 3642 ||| FLEEEEING.
  3643 | D:5      | 3643 ||| FLEEEEING.
  3644 | D:5      | 3644 ||| STAIRDANCE
  3824 | D:4      | 3824 ||| READING scroll labelled XOTOAJ MUITUOS.
  3824 | D:4      | Identified a scroll of acquirement
  3824 | D:4      | 3824 ||| ACQUIRING +2 hat "Daisan" {Stlth+}
  3824 | D:4      | Acquired the +2 hat "Daisan" {Stlth+}
  3826 | D:4      | 3826 ||| UPGRADING to +2 hat "Daisan" {Stlth+}.
  3833 | D:5      | 3833 ||| INVOKING Heroism.
  3852 | D:5      | 3852 ||| STAIRDANCE
  3970 | D:5      | Reached XP level 8. HP: 65/68 MP: 9/9
  4111 | D:5      | 4111 ||| INVOKING Heroism.
  4156 | D:5      | 4156 ||| Stepping ~*~*~tactically~*~*~ (water).
  4158 | D:5      | 4158 ||| Stepping ~*~*~tactically~*~*~ (water).
  4160 | D:5      | 4160 ||| Stepping ~*~*~tactically~*~*~ (water).
  4162 | D:5      | 4162 ||| Stepping ~*~*~tactically~*~*~ (water).
  4164 | D:5      | 4164 ||| Stepping ~*~*~tactically~*~*~ (water).
  4502 | D:5      | 4502 ||| READING scroll labelled SAKHLU VUOPNYIL.
  4503 | D:5      | 4503 ||| READING scroll labelled NAVUSHR AFEB.
  4504 | D:5      | 4504 ||| DRINKING 3 fizzy brown potions.
  4504 | D:5      | Gained mutation: Armour fits poorly on your strangely
                  | shaped body. [potion of mutation]
  4505 | D:5      | 4505 ||| READING 6 scrolls of identify.
  4505 | D:5      | 4505 ||| IDENTIFYING coppery potion
  4506 | D:5      | 4506 ||| READING 5 scrolls of identify.
  4506 | D:5      | 4506 ||| IDENTIFYING brown potion
  4507 | D:5      | 4507 ||| READING 4 scrolls of identify.
  4507 | D:5      | 4507 ||| IDENTIFYING amethyst potion
  4508 | D:5      | 4508 ||| DROPPING potion of berserk rage.
  4541 | D:6      | 4541 ||| READING scroll of enchant weapon.
  4541 | D:6      | 4541 ||| ENCHANTING +0 shortbow.
  4547 | D:6      | 4547 ||| INVOKING Heroism.
  4567 | D:6      | Reached skill level 9 in Ranged Weapons
  4583 | D:6      | 4583 ||| FLEEEEING.
  4584 | D:6      | 4584 ||| FLEEEEING.
  4719 | D:6      | Reached skill level 3 in Dodging
  4851 | D:6      | Noticed a boulder beetle
  4852 | D:6      | 4852 ||| INVOKING Heroism.
  4874 | D:6      | HP: 10/68 [boulder beetle (17)]
  4875 | D:6      | 4875 ||| READING scroll of teleportation.
  4875 | D:6      | Mangled by a boulder beetle

Levels and vault maps discovered:
D:1:      erik_arrival_blinker_ship, layout_rooms,
          shapermc_ecumenical_altar_mp_urbaneastern
D:2:      layout_rooms
D:3:      layout_basic, mainiacjoe_overflow_divided_tiny,
          corexii_leaking_fountain, uniq_natasha
D:4:      layout_loops_ring, minmay_misc_feat_alley, minmay_circle_x,
          uniq_edmund
D:5:      layout_cave_pools, serial_rivers, chequers_serial_rivers_room_a,
          chequers_serial_rivers_large_a, chequers_serial_rivers_micro_b,
          chequers_serial_rivers_micro_d, gammafunk_ghost_grave,
          nicolae_shop_vocational
D:6:      minmay_chambers_of_sixes, layout_cave_pools,
          mainiacjoe_overflow_small_starburst

Skill      XL: |  1  2  3  4  5  6  7  8 |
---------------+-------------------------+-----
Ranged Weapons | 3 4 5 6 7 8 9 |  9.2
Fighting       | 2 3 4 5 |  5.1
Armour         | 1 |  1.5
Invocations    | 3 4 |  4.0
Dodging        | 3 |  3.5
Spellcasting   | |  1.0
Hexes          | |  2.0

Action                     |  1- 3 |  4- 6 |  7- 9 || total
---------------------------+-------+-------+-------++-------
   Fire: Sling             |   180 |   110 |    27 ||   317
         Shortbow          |       |       |   147 ||   147
 Invoke: Heroism           |       |       |     7 ||     7
    Use: Scroll            |     4 |     1 |     8 ||    13
         Potion            |     1 |     3 |     4 ||     8
 Armour: Robe              |     5 |       |       ||     5
         Ring mail         |    25 |    30 |    24 ||    79
  Dodge: Dodged            |    46 |    63 |    54 ||   163

Table legend:
 A = Non-vault XP
 B = Vault XP
 C = Vault XP percentage of total XP
 D = Non-vault monster count
 E = Vault monster count
 F = Vault count percentage of total count
                 A         B        C        D         E       F
            +---------+---------+-------+---------+---------+-------
      Total |    1735 |     368 |  17.5 |     103 |      11 |   9.6
            +---------+---------+-------+---------+---------+-------
        D:1 |      35 |       0 |   0.0 |      22 |       0 |   0.0
        D:2 |      27 |       0 |   0.0 |      14 |       0 |   0.0
        D:3 |     152 |      37 |  19.6 |      21 |       1 |   4.5
        D:4 |     357 |     295 |  45.2 |      21 |       9 |  30.0
        D:5 |     677 |       0 |   0.0 |      16 |       0 |   0.0
        D:6 |     487 |      36 |   6.9 |       9 |       1 |  10.0
            +---------+---------+-------+---------+---------+-------
